cohdb
Replays
Latest Replays
All Replays
Popular Replays
Top Player Replays
Match Explorer
How It Works
Community
CoH3 Stats
Reddit
Sign in to upload your games and track your stats! →
Sign in with Steam
Match 45348334
Unlisted
Match 45348334
Overview
Messages
Build Orders
End
Construct Barracks
Engineer Squad
Selects Advanced Infantry Battlegroup
1⁄4-ton 4x4 Truck
Riflemen Squad
Riflemen Squad
Riflemen Squad
Infantry Support Center
Riflemen Squad
Construct Motor Pool
Grenade Package
Selects Ammunition Storage
M8 Greyhound Armored Car
M8 Greyhound Armored Car
M1918 Browning Automatic Rifles
M1 Anti-tank Gun Team
Selects M2A1 105mm Howitzer Emplacement
Selects Free Fire Drills
Selects Convert to Ranger Squad
Selects Designate Assault Position
1⁄4-ton 4x4 Truck
M1 Anti-tank Gun Team
Selects Infantry Assault
Infantry Assault
Infantry Assault
Construct Tank Depot
M18 Hellcat Tank Destroyer
Infantry Assault
Infantry Assault
M18 Hellcat Tank Destroyer
Infantry Assault
M18 Hellcat Tank Destroyer
Infantry Assault
Riflemen Squad
Riflemen Squad
Advanced Logistics
Infantry Assault
M18 Hellcat Tank Destroyer
Riflemen Squad
Riflemen Squad
Engineer Squad
Riflemen Squad
M4(105) Sherman Bulldozer
Infantry Assault
M4(105) Sherman Bulldozer
Riflemen Squad
Infantry Assault
Engineer Squad
Engineer Squad
Riflemen Squad
M18 Hellcat Tank Destroyer
Menty
NotQuiteAKing
Ermac
jiro
0
0
Comments
sign in to comment!
No comments posted yet!